 Dungeon Crawl Stone Soup version 0.23.0-2-g0fe3ce5 (webtiles) character file.

Game seed: 13361252601821139697

305 xccam the Protected (level 6, -8/53 HPs)
             Began as a Gnoll Wanderer on Feb 19, 2019.
             Was a Believer of Ru.
             Mangled by a mummy (15 damage)
             ... in an ossuary.
             The game lasted 00:08:13 (2655 turns).

xccam the Protected (Gnoll Wanderer)                Turns: 2655, Time: 00:08:13

Health: -8/53      AC: 13    Str: 19    XL:     6   Next: 39%
Magic:  8/8        EV: 11    Int: 12    God:    Ru [**....]
Gold:   169        SH:  0    Dex: 14    Spells: 8/8 levels left

rFire    x . .     SeeInvis .   b - +0 spear
rCold    x . .     Gourm    .   (no shield)
rNeg     . . .     Faith    .   a - +2 scale mail
rPois    .         Spirit   .   p - +1 helmet
rElec    .         Reflect  .   (no cloak)
rCorr    .         Harm     .   (no gloves)
MR       .....                  (no boots)
Stlth    +.........             (no amulet)
HPRegen  0.17/turn              (no ring)
MPRegen  0.11/turn              (no ring)

@: no status effects
A: distributed training, fangs 1, temperature sensitive, strong nose
a: Renounce Religion


You were in an ossuary.
You worshipped Ru.
Ru was pleased with you.
You were near starving.

You visited 1 branch of the dungeon, and saw 5 of its levels.
You also visited: Ossuary.

You collected 169 gold pieces.

Inventory:

Hand Weapons
 b - a +0 spear (weapon)
Missiles
 g - 2 exploding tomahawks (quivered)
Armour
 a - a +2 scale mail (worn)
 p - a +1 helmet (worn)
Jewellery
 e - a +4 ring of evasion {unknown}
Scrolls
 c - a scroll of identify
 i - a scroll of noise
 k - a scroll of remove curse
Potions
 h - a potion of degeneration
 l - a potion of cancellation
Comestibles
 d - 4 rations


   Skills:
 + Level 6.8 Fighting
 + Level 1.9 Short Blades
 + Level 1.9 Long Blades
 + Level 1.9 Axes
 + Level 1.9 Maces & Flails
 + Level 1.9 Polearms
 + Level 1.9 Staves
 + Level 1.9 Slings
 + Level 1.9 Bows
 + Level 1.9 Crossbows
 + Level 1.9 Throwing
 + Level 10.5 Armour
 + Level 1.9 Dodging
 + Level 3.0 Stealth
 + Level 1.9 Shields
 + Level 1.9 Unarmed Combat
 + Level 1.9 Spellcasting
 + Level 1.5 Conjurations
 + Level 1.5 Hexes
 + Level 1.5 Charms
 + Level 1.5 Summonings
 + Level 1.5 Necromancy
 + Level 1.5 Translocations
 + Level 1.5 Transmutations
 + Level 1.5 Fire Magic
 + Level 1.5 Ice Magic
 + Level 1.5 Air Magic
 + Level 1.5 Earth Magic
 + Level 1.5 Poison Magic
 + Level 2.1 Invocations
 + Level 3.2 Evocations


You had 8 spell levels left.
You didn't know any spells.
Your spell library was empty.

Dungeon Overview and Level Annotations

Branches:
Dungeon (5/15)
 Temple: D:4-7

Altars:
Elyvilon
Makhleb
Ru
Xom
Zin

Annotations:
D:4 Edmund, Ijyb


Innate Abilities, Weirdness & Mutations

Your experience applies equally to all skills.
You have very sharp teeth.
You are sensitive to extremes of temperature. (rF-, rC-)
Your uncanny sense of smell can sniff out nearby items.


Message History

The mummy is almost destroyed.
The mummy closely misses you.
You barely miss the mummy.
The mummy is almost destroyed.
The mummy hits you but does no damage.
You barely miss the mummy.
The mummy is almost destroyed.
You hit the mummy but do no damage. You bite the mummy, but do no damage.
The mummy is almost destroyed.
The mummy hits you but does no damage.
You closely miss the mummy.
The mummy is almost destroyed.
You barely miss the mummy. You bite the mummy, but do no damage.
The mummy is almost destroyed.
The mummy hits you!
* * * LOW HITPOINT WARNING * * *
You hit the mummy but do no damage.
The mummy is almost destroyed.
The mummy hits you!
You die...

###################
#..#...........ZM..
#.@#M........M...ZZ
###MM........#####M
#.ZM...............
#..............M...
#.....##...........
#.....##.Z.........
#..................
#..................
#..#...............


You could see 4 mummies, an orc zombie and an elf zombie (wandering).

Vanquished Creatures
  Duvessa (D:4)
  Dowan (D:4)
  A big kobold zombie (Ossuary)
  2 hound zombies (Ossuary)
  Robin (D:3)
  3 adders
  An adder zombie (Ossuary)
  A worm (D:2)
  2 dart slugs (D:1)
  2 leopard geckos
  An orc (D:4)
  2 giant cockroaches
  A gnoll zombie (Ossuary)
  3 hobgoblins
  4 jackals (D:3)
  A ball python (D:1)
  4 bats
  4 frilled lizards
  10 goblins
  A goblin zombie (Ossuary)
  A hobgoblin zombie (Ossuary)
  4 kobolds
  2 orc zombies (Ossuary)
  3 rats
  A rat zombie (Ossuary)
57 creatures vanquished.

Notes
Turn   | Place    | Note
-------+----------+-------------------------------------------
     0 | D:1      | Reached skill level 10 in Armour
     0 | D:1      | xccam the Gnoll Wanderer began the quest for the Orb.
     0 | D:1      | xccam set off with the following items: a +2 scale mail, a
                  | +0 spear, a potion of curing, a ration
     0 | D:1      | Reached XP level 1. HP: 23/23 MP: 2/2
   244 | D:1      | Reached XP level 2. HP: 29/29 MP: 3/3
   953 | D:2      | Reached XP level 3. HP: 30/35 MP: 4/4
  1051 | D:2      | Found a sacrificial altar of Ru.
  1057 | D:2      | Found a white marble altar of Elyvilon.
  1067 | D:2      | Became a worshipper of Ru the Awakened
  1096 | D:2      | Found a shimmering altar of Xom.
  1103 | D:2      | Found a glowing silver altar of Zin.
  1104 | D:2      | Found a burning altar of Makhleb.
  1243 | D:2      | Found a faded altar of an unknown god.
  1253 | D:2      | Reached skill level 1 in Invocations
  1844 | D:3      | Reached skill level 1 in Short Blades
  1844 | D:3      | Reached skill level 1 in Long Blades
  1844 | D:3      | Reached skill level 1 in Axes
  1844 | D:3      | Reached skill level 1 in Maces & Flails
  1844 | D:3      | Reached skill level 1 in Polearms
  1844 | D:3      | Reached skill level 1 in Staves
  1844 | D:3      | Reached skill level 1 in Slings
  1844 | D:3      | Reached skill level 1 in Bows
  1844 | D:3      | Reached skill level 1 in Crossbows
  1844 | D:3      | Reached skill level 1 in Throwing
  1844 | D:3      | Reached skill level 1 in Dodging
  1844 | D:3      | Reached skill level 1 in Shields
  1844 | D:3      | Reached skill level 1 in Unarmed Combat
  1844 | D:3      | Reached skill level 1 in Spellcasting
  1844 | D:3      | Reached XP level 4. HP: 36/41 MP: 4/6
  1859 | D:3      | Noticed Robin
  1888 | D:3      | Killed Robin
  1995 | D:3      | You fall through a shaft for 2 floors!
  1995 | D:5      | Entered Level 5 of the Dungeon
  2047 | D:4      | Gained mutation: You are sensitive to extremes of
                  | temperature. (rF-, rC-) [Ru sacrifice]
  2047 | D:4      | Reached * piety under Ru
  2047 | D:4      | Reached ** piety under Ru
  2138 | D:4      | Noticed Duvessa
  2145 | D:4      | Noticed Dowan
  2168 | D:4      | HP: 1/41 [Duvessa/+1 short sword of holy wrath (9)]
  2190 | D:4      | Killed Duvessa
  2190 | D:4      | Reached skill level 1 in Conjurations
  2190 | D:4      | Reached skill level 1 in Hexes
  2190 | D:4      | Reached skill level 1 in Charms
  2190 | D:4      | Reached skill level 1 in Summonings
  2190 | D:4      | Reached skill level 1 in Necromancy
  2190 | D:4      | Reached skill level 1 in Translocations
  2190 | D:4      | Reached skill level 1 in Transmutations
  2190 | D:4      | Reached skill level 1 in Fire Magic
  2190 | D:4      | Reached skill level 1 in Ice Magic
  2190 | D:4      | Reached skill level 1 in Air Magic
  2190 | D:4      | Reached skill level 1 in Earth Magic
  2190 | D:4      | Reached skill level 1 in Poison Magic
  2190 | D:4      | Reached XP level 5. HP: 26/47 MP: 7/7
  2203 | D:4      | Killed Dowan
  2203 | D:4      | Reached XP level 6. HP: 26/53 MP: 8/8
  2234 | D:4      | Noticed Edmund
  2244 | D:4      | Noticed Ijyb
  2393 | D:4      | Found a sand-covered staircase.
  2402 | Ossuary  | Entered an ossuary
  2655 | Ossuary  | Mangled by a mummy

Skill      XL: |  1  2  3  4  5  6 |
---------------+-------------------+-----
Armour         | | 10.5
Invocations    | 1 2 |  2.1
Short Blades   | 1 |  1.9
Long Blades    | 1 |  1.9
Axes           | 1 |  1.9
Maces & Flails | 1 |  1.9
Polearms       | 1 |  1.9
Staves         | 1 |  1.9
Slings         | 1 |  1.9
Bows           | 1 |  1.9
Crossbows      | 1 |  1.9
Throwing       | 1 |  1.9
Dodging        | 1 |  1.9
Shields        | 1 |  1.9
Unarmed Combat | 1 |  1.9
Spellcasting   | 1 |  1.9
Conjurations   | 1 |  1.5
Hexes          | 1 |  1.5
Charms         | 1 |  1.5
Summonings     | 1 |  1.5
Necromancy     | 1 |  1.5
Translocations | 1 |  1.5
Transmutations | 1 |  1.5
Fire Magic     | 1 |  1.5
Ice Magic      | 1 |  1.5
Air Magic      | 1 |  1.5
Earth Magic    | 1 |  1.5
Poison Magic   | 1 |  1.5
Evocations     | 3 |  3.2
Stealth        | 3 |  3.0
Fighting       | |  6.8

Action                   |  1- 3 |  4- 6 || total
-------------------------+-------+-------++-------
Melee: Spear             |   124 |   189 ||   313
       Bite              |    18 |    25 ||    43
       Punch             |       |     1 ||     1
Throw: Tomahawk          |     2 |       ||     2
Invok: Sacrifice Resista |       |     1 ||     1
  Use: Potion            |       |     8 ||     8
       Scroll            |       |     5 ||     5
  Eat: Chunk             |     3 |     1 ||     4
Armor: Scale mail        |    55 |   116 ||   171
Dodge: Dodged            |    78 |   130 ||   208
